 Dungeon Crawl Stone Soup version 0.31.0-32-g396128a36d (webtiles) character file.

Game seed: 11708645356062931330

139 diecastcamel the Chopper (level 5, -1/41 HPs)
             Began as a Barachi Fighter on Apr 24, 2024.
             Slain by Ijyb
             ... wielding a +2 spectral club
              (5 damage)
             ... on level 3 of the Dungeon.
             The game lasted 00:04:34 (1762 turns).

diecastcamel the Chopper (Barachi Fighter)          Turns: 1762, Time: 00:04:35

Health: -1/41      AC:  9    Str: 20    XL:     5   Next: 22%
Magic:  5/5        EV:  7    Int:  8    God:
Gold:   98         SH:  4    Dex: 11    Spells: 4/4 levels left

rFire   . . .        a - +0 war axe
rCold   . . .        c - +0 buckler
rNeg    . . .        h - +0 chain mail
rPois   .            (no helmet)
rElec   .            (no cloak)
rCorr   .            (no gloves)
SInv    .            (no boots)
Will    .....        (no amulet) Stlth
                     p - ring of flight
HPRegen 0.26/turn    (no ring)
MPRegen 0.09/turn

%: no passive effects
@: mighty, flying, slow
A: amphibious, slowness 1, strong legs 1, +LOS
a: Hop


You were on level 3 of the Dungeon.
You visited 1 branch of the dungeon, and saw 3 of its levels.

You collected 98 gold pieces.

Inventory:

Hand Weapons
 a - a +0 war axe (weapon)
Missiles
 m - 7 poisoned darts
Armour
 c - a +0 buckler (worn)
 h - a +0 chain mail (worn)
Jewellery
 p - a ring of flight (left hand)
Scrolls
 e - a scroll of amnesia {unknown}
 f - a scroll of noise {unknown}
 i - a scroll of vulnerability {unknown}
 l - a scroll of identify {unknown}
 n - a scroll of fear {unknown}
 q - a scroll of torment {unknown}
 s - a scroll of teleportation {unknown}
Potions
 b - 6 potions of mutation {unknown}
 g - a potion of attraction {unknown}
 j - a potion of haste {unknown}
 k - a potion of magic {unknown}
 o - a potion of curing {unknown}
 r - a potion of heal wounds {unknown}
 t - a potion of enlightenment {unknown}
 u - 2 potions of degeneration {unknown}


   Skills:
 - Level 3.6 Fighting
 + Level 5.8 Axes
 - Level 3.6 Armour
 - Level 3.2 Shields


You had 4 spell levels left.
You didn't know any spells.
Your spell library contained the following spells:

 Spells                   Type           Power      Damage    Failure   Level
 Freeze                   Ice            0%         1d3       99%         1
 Magic Dart               Conj           0%         1d3       99%         1
 Blink                    Tloc           0%         N/A       99%         2
 Call Imp                 Summ           0%         N/A       99%         2
 Frozen Ramparts          Ice            0%         1d1       100%        3
 Hailstorm                Conj/Ice       0%         3d5       100%        3


Dungeon Overview and Level Annotations

Branches:
Dungeon (3/15)

Altars:
Uskayaw

Annotations:
D:3 Ijyb


Innate Abilities, Weirdness & Mutations

You are amphibious.
You cover ground slowly.
You can hop short distances.
You have an extended range of vision and can be seen from far away.


Message History

The +2 spectral club hits you.
* * * LOW HITPOINT WARNING * * *
You slice Ijyb!!
Ijyb is severely wounded.
You hit the +2 spectral club but do no damage.
Ijyb completely misses you.
The +2 spectral club hits you but does no damage.
You closely miss Ijyb.
Ijyb is severely wounded.
You barely miss the +2 spectral club. Ijyb hits you but does no damage.
The +2 spectral club hits you but does no damage.
Ijyb hits you with a +2 spectral club.
* * * LOW HITPOINT WARNING * * *
The +2 spectral club hits you.
* * * LOW HITPOINT WARNING * * *
You hit Ijyb.
Ijyb is almost dead.
You barely miss the +2 spectral club. You block Ijyb's attack.
The +2 spectral club hits you.
* * * LOW HITPOINT WARNING * * *
Unknown command.
You closely miss Ijyb.
Ijyb is almost dead.
You miss the +2 spectral club. Ijyb hits you but does no damage.
The +2 spectral club hits you.
* * * LOW HITPOINT WARNING * * *
Unknown command.
You closely miss Ijyb.
Ijyb is almost dead.
You barely miss the +2 spectral club. Ijyb hits you but does no damage.
The +2 spectral club hits you but does no damage.
Unknown command.
You barely miss Ijyb.
Ijyb is almost dead.
You slash the +2 spectral club!
Ijyb shares her spectral weapon's damage!
Ijyb hits you but does no damage.
The +2 spectral club completely misses you.
Ijyb hits you with a +2 spectral club.
You die...

.... .... .#
...####.### .#
#....#...# .#
###....#...# ..
...........###.# g#
...............# .#
..#......<.###.# .#
...........###.###)#
######.#........@g)#
#.###.###>..(## #.#
#.# ####.# ######.#
#.# ##.## #.#
.......###.#####...##
#.#
#####...†...........#
#.# #.#####.####....#
#.# #.# #.# ##.#.#
#.# ..# #.# #.#.# #.#


You could see a +2 spectral club and Ijyb.

Vanquished Creatures
  An orc priest (D:3)
  4 adders (D:2)
  2 ribbon worms (D:2)
  2 dart slugs
  2 orcs (D:3)
  7 endoplasms
  A giant cockroach (D:1)
  6 goblins
  4 hobgoblins
  4 jackals (D:2)
  3 ball pythons
  7 bats
  4 frilled lizards
  6 kobolds
  9 rats
62 creatures vanquished.

Notes
Turn   | Place    | Note
-------+----------+-------------------------------------------
     0 | D:1      | diecastcamel the Barachi Fighter began the quest for the
                  | Orb.
     0 | D:1      | Reached XP level 1. HP: 18/18 MP: 1/1
   244 | D:1      | Reached XP level 2. HP: 19/24 MP: 2/2
   284 | D:1      | Reached skill level 3 in Axes
   374 | D:1      | Reached XP level 3. HP: 20/29 MP: 3/3
   501 | D:1      | Reached skill level 4 in Axes
   564 | D:1      | Found a faded altar of an unknown god.
  1123 | D:2      | Reached XP level 4. HP: 36/36 MP: 4/4
  1211 | D:2      | Reached skill level 5 in Axes
  1576 | D:3      | Noticed a +0 dagger
  1577 | D:3      | Found a hide-covered altar of Uskayaw.
  1599 | D:3      | Noticed a +0 dagger
  1751 | D:3      | Noticed Ijyb
  1752 | D:3      | Reached XP level 5. HP: 20/41 MP: 5/5
  1762 | D:3      | Slain by Ijyb

Illustrated notes

Levels and vault maps discovered:
D:1:      dpeg_arrival_stone_temple_mockup, layout_basic,
          basic_ecumenical_altar, minmay_pentomino_s4
D:2:      layout_basic, minmay_split_cup_small
D:3:      layout_loops_ring, dancing_weapons_uskayaw, uniq_ijyb

Skill      XL: |  1  2  3  4 |
---------------+-------------+-----
Axes           | 3 4 5 |  5.8
Fighting       | |  3.6
Armour         | |  3.6
Shields        | |  3.2

Action                     |  1- 3 |  4- 6 || total
---------------------------+-------+-------++-------
  Melee: War axe           |   109 |    72 ||   181
    Use: Potion            |       |     1 ||     1
 Armour: Scale mail        |    10 |       ||    10
         Chain mail        |    55 |    58 ||   113
  Dodge: Dodged            |    30 |    28 ||    58
  Block: Buckler           |    19 |    13 ||    32
